 Dungeon Crawl Stone Soup version 0.28-a0-265-g048bc9fd10 (webtiles) character file.

Game seed: 4029000918574599547

326596 dolemite99 the Warrior (level 22, -16/206 HPs)
             Began as a Hill Orc Fighter on Aug 27, 2021.
             Was a Believer of Beogh.
             Killed from afar by a spriggan air mage (34 damage)
             ... with a bolt of lightning
             ... on level 3 of the Depths on Aug 28, 2021.
             The game lasted 01:37:18 (86226 turns).

dolemite99 the Warrior (Hill Orc Fighter)          Turns: 86226, Time: 01:37:19

Health: -16/206    AC: 25    Str: 27    XL:     22   Next: 1%
Magic:  20/35      EV:  9    Int: 10    God:    Beogh [**....]
Gold:   861        SH: 13    Dex: 10    Spells: 19/21 levels left

rFire   + . .      SeeInvis +   a - +3 broad axe (freeze)
rCold   + . .      Faith    +   c - +0 kite shield
rNeg    + + .      Spirit   .   v - +3 chain mail of the Bulwark {rPois Will+}
rPois   +          Reflect  .   A - +2 helmet
rElec   .          Harm     .   M - +2 cloak
rCorr   .          Rampage  .   r - +0 pair of gloves
Will    ++...                   (no boots)
Stlth   ..........              J - amulet of Egru {Faith rC+}
HPRegen 0.44/turn               d - ring of Buwkiule {rPois rN++ SInv, =R}
MPRegen 0.24/turn               z - ring of protection from fire

@: no status effects
A: no striking features
}: 1/15 runes: serpentine
a: Renounce Religion, Smiting


You were on level 3 of the Depths.
You worshipped Beogh.
Beogh was pleased with you.
You visited 8 branches of the dungeon, and saw 39 of its levels.
You also visited: Bailey and Ice Cave.

You collected 4806 gold pieces.
You spent 3945 gold pieces at shops.

Inventory:

Hand Weapons
 a - a +3 broad axe of freezing (weapon)
 b - a +4 fustibalus of flaming
 h - the +10 war axe of Resumed Hostilities {elec, rElec Str-4 SInv Stlth+}
   (You bought it in a shop on level 10 of the Dungeon)

   It occasionally discharges a powerful burst of electricity upon striking a
   foe.
   Str:       It affects your strength (-4).
   rElec:     It insulates you from electricity.
   SInv:      It lets you see invisible.
   Stlth:     It makes you more stealthy.
Missiles
 e - 996 stones (quivered)
 P - 37 sling bullets
Armour
 c - a +0 kite shield (worn)
 r - a +0 pair of gloves (worn)
 v - the +3 chain mail of the Bulwark (worn) {rPois Will+}
   (You found it on level 1 of the Lair of Beasts)

   rPois:     It protects you from poison.
   Will:      It increases your willpower.
 A - a +2 helmet (worn)
 M - a +2 cloak (worn)
Jewellery
 d - the ring of Buwkiule (left hand) {rPois rN++ SInv, =R}
   (You found it on level 7 of the Dungeon)

   [ring of see invisible]

   rPois:     It protects you from poison.
   rN:        It greatly protects you from negative energy.
   SInv:      It lets you see invisible.
 g - the ring of the Tempest {rElec rN++ MP+9 Int-5 SInv}
   (You acquired it on level 2 of the Shoals)

   [ring of magical power]

   Int:       It affects your intelligence (-5).
   rElec:     It insulates you from electricity.
   rN:        It greatly protects you from negative energy.
   MP:        It affects your magic capacity (+9).
   SInv:      It lets you see invisible.
 i - a ring of resist corrosion
 k - the amulet "Folu" {Spirit Int+5 Slay+2}
   (You acquired it on level 13 of the Dungeon)

   [amulet of guardian spirit]

   It causes incoming damage to be divided between your reserves of health and
   magic.
   Int:       It affects your intelligence (+5).
   Slay:      It affects your accuracy & damage with ranged weapons and melee
   (+2).
 t - a ring of willpower
 z - a ring of protection from fire (right hand)
 J - the amulet of Egru (around neck) {Faith rC+}
   (You acquired it on level 2 of the Shoals)

   [amulet of faith]

   It allows you to gain divine favour quickly.
   rC:        It protects you from cold.
 R - the ring of the Tortoise {AC+8}
   (You found it on level 1 of the Depths)

   [ring of protection]

   AC:        It affects your AC (+8).
 U - a +4 ring of evasion
 Z - a ring of ice
Wands
 f - a wand of paralysis (5)
 m - a wand of polymorph (21)
 x - a wand of flame (98)
 G - a wand of digging (10)
 S - a wand of iceblast (9)
Scrolls
 q - 6 scrolls of fog
 s - a scroll of amnesia
 y - 9 scrolls of teleportation
 L - 10 scrolls of blinking
 N - 6 scrolls of identify {@r1}
 T - 3 scrolls of fear
 W - 2 scrolls of silence
 Y - 3 scrolls of enchant armour
Potions
 j - 6 potions of ambrosia
 l - 2 potions of resistance
 n - 10 potions of curing
 p - 2 potions of brilliance
 u - 17 potions of flight
 w - a potion of haste
 B - a potion of invisibility
 D - 3 potions of might
 E - 4 potions of berserk rage
 F - 3 potions of magic
 Q - 2 potions of lignification
 V - 3 potions of cancellation
Miscellaneous
 o - a phantom mirror (inert)
 X - a box of beasts (inert)


   Skills:
 - Level 19.2 Fighting
 - Level 18.0 Axes
 - Level 11.4 Slings
 + Level 15.9 Armour
 - Level 17.6 Shields
 - Level 0.5 Unarmed Combat
 - Level 0.4 Fire Magic
 - Level 19.1 Invocations
 - Level 16.4 Evocations


You had 19 spell levels left.
You knew the following spells:

 Your Spells              Type           Power      Damage    Failure   Level
a - Animate Skeleton      Necr           0%         N/A       78%         1
b - Apportation           Tloc           0%         N/A       78%         1

Your spell library contained the following spells:

 Spells                   Type           Power      Damage    Failure   Level
 Corona                   Hex            0%         N/A       78%         1
 Freeze                   Ice            0%         1d3       78%         1
 Pain                     Necr           0%         1d4       78%         1
 Summon Small Mammal      Summ           0%         N/A       78%         1
 Blink                    Tloc           N/A        N/A       89%         2
 Corpse Rot               Necr/Air       N/A        N/A       89%         2
 Ensorcelled Hibernation  Hex/Ice        0%         N/A       89%         2
 Poisonous Vapours        Pois/Air       0%         N/A       89%         2
 Slow                     Hex            0%         N/A       89%         2
 Sublimation of Blood     Necr           0%         N/A       89%         2
 Wereblood                Tmut           0%         N/A       89%         2
 Call Canine Familiar     Summ           0%         N/A       98%         3
 Confusing Touch          Hex            0%         N/A       98%         3
 Dazzling Flash           Conj/Hex       0%         N/A       98%         3
 Frozen Ramparts          Ice            0%         1d2       98%         3
 Lesser Beckoning         Tloc           0%         N/A       98%         3
 Portal Projectile        Hex/Tloc       0%         N/A       98%         3
 Stone Arrow              Conj/Erth      0%         3d7       98%         3
 Summon Guardian Golem    Hex/Summ       0%         N/A       98%         3
 Tukima's Dance           Hex            0%         N/A       98%         3
 Vampiric Draining        Necr           0%         2d6       98%         3
 Animate Armour           Summ/Erth      0%         N/A       100%        4
 Hailstorm                Conj/Ice       0%         3d3       100%        4
 Iskenderun's Mystic Bla  Conj/Tloc      0%         2d3       100%        4
 Petrify                  Tmut/Erth      0%         N/A       100%        4
 Blade Hands              Tmut           0%         N/A       100%        5
 Fireball                 Conj/Fire      0%         3d3       100%        5
 Freezing Cloud           Conj/Ice/Air   0%         6-21      100%        5
 Irradiate                Conj/Tmut      0%         3d13      100%        5
 Manifold Assault         Tloc           0%         N/A       100%        5
 Summon Forest            Summ/Tloc      0%         N/A       100%        5
 Yara's Violent Unravell  Hex/Tmut       0%         3d3       100%        5
 Iron Shot                Conj/Erth      0%         9d1       100%        6
 Starburst                Conj/Fire      0%         6d3       100%        6
 Malign Gateway           Summ/Tloc      0%         N/A       100%        7
 Summon Hydra             Summ           0%         N/A       100%        7
 Disjunction              Tloc           0%         N/A       100%        8
 Ignition                 Fire           0%         3d3       100%        8
 Lehudib's Crystal Spear  Conj/Erth      0%         10d2      100%        8


Dungeon Overview and Level Annotations

Branches:
Dungeon (15/15)            Temple (0/1) D:4            Lair (6/6) D:10
 Shoals (3/4) Lair:3        Snake (4/4) Lair:2        Slime (0/5) Lair:5
    Orc (2/2) D:10            Elf (2/3) Orc:2        Vaults (4/5) D:13
  Crypt (0/3) Vaults:2     Depths (3/5) D:15         Bailey (visited)
  IceCv (visited)

Altars:
Ashenzari
Dithmenos
Elyvilon
Gozag
Kikubaaqudgha
Makhleb
Nemelex Xobeh
Okawaru
Qazlal
Trog
Uskayaw
Vehumet
Wu Jian
Zin
Jiyva

Shops:
D:2 (   D:10 (   Orc:2 =*[(   Shoals:3 (   Snake:1 (?:*   Snake:3 *!*?(
Vaults:3 (   Vaults:4 !   Depths:1 ==:

Portals:
Hell: Depths:1 Depths:2 Depths:3
Abyss: Depths:2
Pandemonium: Depths:1 Depths:3
Trove: Elf:1 (give +3 shadow dragon scales)

Annotations:
Shoals:1 2 transporters, HuGe's ghost, journeyman MiBe
Shoals:2 exclusion: downstairs
Snake:1 3 runed translucent doors, exclusion: downstairs, HuGe's ghost, journeyman MiBe
Elf:1 3 runed translucent doors, Jyejeiptew's ghost, adept HOMo; Kuwn's ghost, adept MiBe; Xadus's ghost, adept MiBe; finalsalamander's ghost, adept NaWn
Vaults:1 exclusion: 2 ice statues


Message History

The elephant disappears in a puff of smoke!
The death yak is no longer berserk.
The death yak disappears in a puff of smoke!
The spriggan rider hits you but does no damage.
You have reached level 22!
Aiming: Smiting
Press: ? - help, Dir - move target, f - spriggan rider Smite: a spriggan rider, wielding a +0 spear You smite the spriggan rider!
The spriggan rider is heavily wounded.
The spriggan rider hits you from afar with a +0 spear!!
* * * LOW HITPOINT WARNING * * *
Aiming: Smiting
Press: ? - help, Dir - move target, f/p - spriggan rider Smite: a spriggan rider, wielding a +0 spear (heavily wounded)
You smite the spriggan rider!
You kill the spriggan rider!
Beogh accepts your kill.
You kill the hornet!
Beogh accepts your kill.
The spriggan air mage waves its arms in wide circles.
The air twists around and strikes you.
* * * LOW HITPOINT WARNING * * *
Aiming: Smiting
Press: ? - help, Dir - move target, f - spriggan air mage Smite: a spriggan air mage, wearing a +0 robe (lightly wounded, repelling missiles)
Okay, then.
The spriggan air mage waves its arms in wide circles.
The air twists around and strikes you!!
* * * LOW HITPOINT WARNING * * *
A white ugly thing comes into view.
You hear a horrible gurgling sound!
Aiming: Smiting
Press: ? - help, Dir - move target, f - spriggan air mage Smite: a spriggan air mage, wearing a +0 robe (lightly wounded, repelling missiles)
You smite the spriggan air mage!
The spriggan air mage is almost dead.
The spriggan air mage casts a spell at you.
The bolt of lightning hits you!!
You die...

#,,,,,##....i.##########,,,**,**,
##,,,,*##....§#........#,,,,,***,
.##,,++###...')÷.≈.8≈..++,,,####*
≈.##*++..###.#..i.≈≈....#,###..##
≈≈.###.....###..YY......###.....#
.⌠≈.##.......#########''#.......#
..≈≈.##...........##.iu........##
#∩.8≈.''....⌠.....))...[.⌠(...##.
##..≈≈.###).....@.''........###.#
##......####.....##.....####....
##......#.##############.#.....
##....''............)...''....
###..#....###8##.###....#..##
####..................####
###......>.......###
################


You could see a white ugly thing and a spriggan air mage (repels missiles).

Vanquished Creatures
  Mara (Shoals:3)
  A lich (Depths:1)
  Polyphemus (Shoals:3)
  Gastronok (Orc:1)
  Ilsuiw (Shoals:3)
  Donald (Shoals:2)
  2 azure jellies (Vaults:1)
  3 nagarajas (Snake:4)
  An iron dragon (Depths:1)
  2 fire giants (Depths:1)
  A deep elf sorcerer (Elf:1)
  3 vault wardens
  A reaper (IceCv)
  14 ironbound preservers
  20 very ugly things
  9 stone giants
  2 dire elephants
  2 spark wasps (Depths:3)
  A deep elf death mage (Depths:3)
  2 merfolk javelineers
  A crystal guardian (Vaults:4)
  4 ettins
  3 merfolk impalers
  A deep elf high priest (Vaults:2)
  2 fire dragons (Depths:2)
  7 yaktaur captains
  5 great orbs of eyes
  Fannar (Orc:1)
  A hell beast (Depths:2)
  3 naga warriors
  8 ice dragons
  An ironbound thunderhulk (Vaults:2)
  2 rakshasas
  3 vault guards (Vaults:1)
  Erolcha (D:9)
  3 peacekeepers
  2 boulder beetles
  2 salamander tyrants (Snake:4)
  2 catoblepae
  3 anacondas
  8 hydras
  A merfolk aquamancer (Shoals:2)
  Erica (D:8)
  2 merfolk avatars (Shoals:3)
  3 ironbound frosthearts (Vaults:1)
  An ogre mage (Vaults:1)
  16 centaur warriors
  A satyr (Shoals:3)
  A death knight (Vaults:2)
  19 death yaks
  4 two-headed ogres
  3 dancing weapons (Elf:1)
  5 tengu warriors
  2 deep troll earth magi
  4 ironbound beastmasters
  7 deep troll shamans
  A vampire mage (Depths:3)
  A hell hog (Depths:2)
  6 hell knights (Depths:2)
  5 naga sharpshooters
  2 orc high priests (Orc:2)
  A spriggan berserker (Depths:3)
  A shock serpent (Snake:4)
  A soul eater (Depths:2)
  15 slime creatures
  A spriggan (Depths:3)
  2 deep elf knights (Elf:1)
  13 iron trolls
  A salamander mystic (Snake:4)
  55 deep trolls
  5 naga ritualists (Snake:4)
  6 sea snakes
  A glowing orange brain (Vaults:1)
  A swamp dragon (shapeshifter) (Vaults:1)
  15 wizards
  4 lindwurms
  12 harpies
  9 ironbound convokers
  11 deep elf zephyrmancers
  Pikel (D:7)
  3 necromancers
  8 deep elf pyromancers
  6 mana vipers
  37 ugly things
  7 manticores
  3 fauns (Shoals:3)
  3 orc sorcerers
  4 salamanders (Snake:4)
  6 cyclopes
  18 black mambas
  20 elephants
  4 guardian serpents
  2 merfolk sirens
  2 torpor snails (Lair:5)
  A smoke demon (Depths:2)
  6 cane toads
  11 naga magi
  2 ice statues (IceCv)
  2 water nymphs (Shoals:1)
  9 vault sentinels
  A gargoyle (D:12)
  8 komodo dragons
  7 rime drakes
  14 yaktaurs
  3 anaconda simulacra
  A kobold demonologist (D:12)
  4 tengu conjurers (Depths:1)
  An entropy weaver simulacrum (IceCv)
  6 ice devils (IceCv)
  8 merfolk
  A jumping spider (Vaults:1)
  16 hornets
  4 red devils (Elf:1)
  4 polar bears
  5 trolls
  A wind drake (Shoals:1)
  Prince Ribbit (D:8)
  A deep troll zombie (Depths:1)
  2 snapping turtles
  7 dream sheep
  22 blink frogs
  A meliai zombie (D:10)
  A spriggan zombie (Depths:1)
  A shadow (D:9)
  An ettin skeleton (Depths:1)
  An air elemental (Elf:1)
  7 water elementals
  A wraith (D:12)
  8 wyverns
  34 yaks
  Grum (D:9)
  6 basilisks
  A fire elemental (Elf:1)
  2 vampire mosquitoes (D:13)
  A death yak simulacrum (IceCv)
  3 steam dragons
  Menkaure (D:6)
  18 nagas
  2 spatial vortices (Vaults:1)
  2 harpy simulacra
  A warg (Orc:2)
  A hell hound (Lair:6)
  12 water moccasins
  10 orc warriors
  2 black bears
  2 sky beasts
  2 necrophages
  3 ice beasts
  A black mamba simulacrum (Vaults:1)
  An ice dragon simulacrum (Depths:1)
  2 boggarts (Elf:1)
  26 wolves
  5 ogres
  3 phantoms
  7 centaurs
  A kobold brigand (D:12)
  14 bullfrogs
  3 cane toad simulacra (IceCv)
  2 wyvern zombies
  A two-headed ogre simulacrum (IceCv)
  4 scorpions
  A water moccasin zombie (D:5)
  A wyvern skeleton (D:7)
  An elephant simulacrum (Vaults:1)
  11 killer bees
  4 wights
  6 howler monkeys
  4 electric eels
  7 centaur zombies
  A bullfrog skeleton (D:5)
  A bullfrog zombie (D:5)
  2 hounds
  10 orc priests
  A centaur skeleton (D:5)
  4 iguanas
  4 scorpion zombies (D:5)
  11 hell rats
  13 orc wizards
  2 spriggan simulacra (IceCv)
  5 troll simulacra
  A wolf simulacrum (IceCv)
  A hound skeleton (D:4)
  A hound zombie (D:5)
  A howler monkey skeleton (D:7)
  4 gnolls
  8 adders
  3 naga simulacra
  3 shadow imps
  2 white imps
  2 adder zombies (D:5)
  2 adder skeletons
  6 worms
  5 dart slugs
  44 orcs
  5 ball pythons
  4 endoplasms
  3 giant cockroaches
  14 goblins
  14 hobgoblins
  15 kobolds
  4 quokkas
  3 training dummies (Shoals:3)
  5 bats
  3 frilled lizards
  7 rats
  A spectral hobgoblin (D:1)
  A fire vortex (Depths:2)
1089 creatures vanquished.

Vanquished Creatures (collateral kills)
  Jory (Vaults:3)
  Rupert (Orc:2)
  Frances (D:13)
  2 nagarajas
  Aizul (Snake:3)
  A frost giant (Depths:3)
  An orc warlord (Orc:2)
  A vault warden (Vaults:4)
  3 ironbound preservers (Vaults:4)
  A war gargoyle (Vaults:4)
  7 very ugly things
  Azrael (D:15)
  A dire elephant (Vaults:4)
  A merfolk javelineer (Shoals:3)
  A great orb of eyes (Vaults:4)
  2 vault guards (Vaults:4)
  3 ironbound thunderhulks
  3 hydras (D:15)
  12 naga warriors
  A death knight (Vaults:2)
  2 ironbound frosthearts (Vaults:4)
  10 anacondas
  4 centaur warriors
  6 naga sharpshooters
  An orc high priest (Orc:2)
  2 ironbound beastmasters
  2 shock serpents (Snake:2)
  An iron troll (Depths:1)
  A salamander mystic (Snake:4)
  12 deep trolls
  6 naga ritualists
  3 orc knights
  An ironbound convoker (Vaults:4)
  3 lindwurms
  2 deep elf pyromancers (D:15)
  2 necromancers
  A faun (Shoals:3)
  2 cyclopes (D:15)
  2 orc sorcerers
  5 mana vipers
  A manticore (D:14)
  12 ugly things
  8 salamanders
  A guardian serpent (Snake:2)
  15 black mambas
  10 naga magi
  4 vault sentinels
  A centaur skeleton (D:15)
  2 efreet
  2 yaktaurs
  3 rime drakes (Lair:6)
  3 slime creatures (Vaults:3)
  A fire giant simulacrum (Depths:1)
  A centaur simulacrum (D:14)
  A wraith (D:13)
  3 fire elementals (D:15)
  A basilisk (D:13)
  2 vampire mosquitoes (D:13)
  2 acid dragons
  32 nagas
  5 hell hounds (D:15)
  A water moccasin (Lair:6)
  A hornet zombie (D:15)
  9 orc warriors
  A wolf (Lair:6)
  4 centaurs (D:15)
  A hornet simulacrum (D:15)
  3 orc priests (Orc:2)
  6 orc wizards
  2 hell rats (Lair:6)
  11 orcs (Orc:2)
  A bat (Orc:2)
  4 goblins
  A hobgoblin (Bailey)
  4 kobolds (Bailey)
272 creatures vanquished.

Vanquished Creatures (others)
  An eldritch tentacle (Vaults:1)
  2 orc warlords
  A fire giant (Depths:2)
  An ogre mage (Vaults:1)
  7 orc knights
  A wizard (Vaults:3)
  A deep elf pyromancer (Elf:1)
  2 orc sorcerers
  A manticore (Shoals:2)
  11 orc warriors
  A naga (Snake:4)
  21 orc priests
  12 orc wizards
  A white imp (IceCv)
  2 ufetubi (IceCv)
  37 orcs
  A hobgoblin (D:2)
  2 kobolds (D:2)
  53 fungi
  195 plants
  2 withered plants (Elf:1)
355 creatures vanquished.

Grand Total: 1716 creatures vanquished

Notes
Turn   | Place    | Note
-------+----------+-------------------------------------------
     0 | D:1      | dolemite99 the Hill Orc Fighter began the quest for the
                  | Orb.
     0 | D:1      | Reached XP level 1. HP: 19/19 MP: 1/1
    82 | D:1      | Reached XP level 2. HP: 26/26 MP: 2/2
   515 | D:1      | Found a faded altar of an unknown god.
   689 | D:1      | Reached XP level 3. HP: 26/31 MP: 3/3
  1308 | D:2      | Found Effethra's Antique Weapon Boutique.
  1362 | D:2      | Reached skill level 5 in Axes
  2015 | D:2      | Became a worshipper of Beogh the Brigand
  2037 | D:2      | Reached XP level 4. HP: 17/39 MP: 4/4
  2778 | D:3      | Reached XP level 5. HP: 37/45 MP: 5/5
  2865 | D:3      | Noticed a phantom
  2875 | D:3      | Killed a phantom
  3334 | D:3      | Reached XP level 6. HP: 51/51 MP: 6/6
  3365 | D:3      | Noticed a sky beast
  3393 | D:3      | Killed a sky beast
  3614 | D:3      | Found an iron altar of Okawaru.
  3694 | D:4      | Reached * piety under Beogh
  3836 | D:4      | Found a staircase to the Ecumenical Temple.
  4235 | D:4      | Reached XP level 7. HP: 49/57 MP: 7/7
  4308 | D:4      | Found a burning altar of Makhleb.
  4347 | D:4      | Found a sand-covered staircase.
  4486 | D:4      | Found a shadowy altar of Dithmenos.
  4503 | D:4      | Reached skill level 10 in Axes
  5552 | D:4      | Found an ancient bone altar of Kikubaaqudgha.
  5797 | D:5      | Entered Level 5 of the Dungeon
  5921 | D:4      | Reached XP level 8. HP: 57/64 MP: 8/8
  6919 | D:5      | Reached ** piety under Beogh
  7718 | D:5      | Reached skill level 1 in Invocations
  7718 | D:5      | Reached XP level 9. HP: 70/70 MP: 8/10
  8314 | D:6      | Found a radiant altar of Vehumet.
  8350 | D:6      | Noticed Menkaure
  8353 | D:6      | Killed Menkaure
  8501 | D:6      | Reached skill level 5 in Invocations
  8666 | D:6      | Found a white marble altar of Elyvilon.
  8820 | D:6      | Found a bloodstained altar of Trog.
  9376 | D:7      | Noticed Pikel
  9389 | D:7      | Killed Pikel
  9700 | D:7      | Found an ornate altar of the Wu Jian Council.
  9715 | D:7      | Reached skill level 5 in Fighting
  9943 | D:7      | Reached XP level 10. HP: 79/83 MP: 17/17
 10039 | D:7      | Found a broken altar of Ashenzari.
 10283 | D:7      | Identified the +3 plate armour of Trumpets {+Blink}
 10380 | D:7      | Identified the ring of Buwkiule {rPois rN++ SInv}
 10744 | D:8      | Found a stormy altar of Qazlal.
 10752 | D:8      | Noticed Erica
 10774 | D:8      | Killed Erica
 11251 | D:8      | Noticed a +0 dagger
 11251 | D:8      | Noticed a +0 short sword
 11252 | D:8      | Noticed a +0 falchion
 11252 | D:8      | Noticed a +0 spear
 11254 | D:8      | Noticed a +0 spear
 11254 | D:8      | Noticed a +0 falchion
 11254 | D:8      | Noticed a +0 short sword
 11257 | D:8      | Noticed a +0 dagger
 11262 | D:8      | Noticed a six-headed hydra
 11278 | D:8      | Killed a six-headed hydra
 11288 | D:8      | Noticed Prince Ribbit
 11325 | D:8      | Found a hide-covered altar of Uskayaw.
 11350 | D:8      | Killed Prince Ribbit
 12526 | D:9      | Found an opulent altar of Gozag.
 12720 | D:9      | Paralysed by a hornet for 1 turns
 12970 | D:9      | Noticed Grum
 12985 | D:9      | Killed Grum
 13424 | D:9      | Reached XP level 11. HP: 89/92 MP: 18/18
 13605 | D:9      | Noticed a purple ugly thing
 13614 | D:9      | Killed a purple ugly thing
 14809 | D:9      | Noticed Erolcha
 14812 | D:9      | Killed Erolcha
 14813 | D:9      | Reached skill level 10 in Fighting
 15497 | D:10     | Entered Level 10 of the Dungeon
 15731 | D:10     | Reached skill level 1 in Slings
 15920 | D:10     | Found a staircase to the Lair.
 15946 | D:10     | Noticed a two-headed ogre
 15954 | D:10     | Killed a two-headed ogre
 16282 | D:10     | Found a sparkling altar of Nemelex Xobeh.
 16303 | D:10     | Found Avvicrir's Antique Weapon Boutique.
 16314 | D:10     | Bought a masterwork war axe for 221 gold pieces
 16314 | D:10     | Identified the +10 war axe of Resumed Hostilities {elec,
                  | rElec Str-4 SInv Stlth+} (You bought it in a shop on level
                  | 10 of the Dungeon)
 16429 | D:10     | Found a staircase to the Orcish Mines.
 17131 | D:11     | Noticed a cyclops
 17131 | D:11     | Noticed a manticore
 17140 | D:10     | Killed a manticore
 17409 | D:11     | Noticed a two-headed ogre
 17409 | D:11     | Noticed a two-headed ogre
 17415 | D:10     | Reached skill level 15 in Axes
 18472 | D:10     | Killed a cyclops
 18473 | D:10     | Reached XP level 12. HP: 106/106 MP: 19/19
 18615 | Lair:1   | Entered Level 1 of the Lair of Beasts
 19700 | Lair:1   | Identified the +3 chain mail of the Bulwark {rPois Will+}
 20920 | Lair:2   | Found a staircase to the Snake Pit.
 21262 | Lair:2   | Reached skill level 5 in Slings
 21269 | Lair:3   | Reached *** piety under Beogh
 21280 | Lair:3   | Reached skill level 10 in Armour
 21398 | Lair:3   | Reached skill level 10 in Invocations
 21521 | Lair:3   | Noticed a death yak
 21529 | Lair:3   | Noticed a death yak
 21540 | Lair:3   | Killed a death yak
 21549 | Lair:3   | Killed a death yak
 22295 | Lair:3   | Noticed a boulder beetle
 22304 | Lair:3   | Killed a boulder beetle
 22834 | Lair:3   | Noticed a death yak
 22834 | Lair:3   | Noticed a death yak
 22835 | Lair:3   | Noticed a death yak
 22839 | Lair:3   | Noticed a death yak
 22839 | Lair:3   | Noticed a death yak
 22840 | Lair:3   | Noticed a death yak
 22869 | Lair:3   | Noticed a death yak
 22873 | Lair:3   | Killed a death yak
 22888 | Lair:3   | Killed a death yak
 22889 | Lair:3   | Reached XP level 13. HP: 66/116 MP: 21/21
 23697 | Lair:3   | Found a staircase to the Shoals.
 24905 | Lair:4   | Reached **** piety under Beogh
 25503 | Lair:5   | Found a viscous altar of Jiyva.
 25503 | Lair:5   | Found a staircase to the Slime Pits.
 26052 | Lair:5   | Reached XP level 14. HP: 109/126 MP: 23/23
 27279 | Lair:6   | Entered Level 6 of the Lair of Beasts
 28866 | Lair:6   | Gained Thorok as an ally
 28877 | Lair:6   | Your ally Thorok died
 29370 | Lair:6   | Reached skill level 10 in Slings
 29570 | Lair:6   | Noticed a dire elephant
 29585 | Lair:6   | Killed a dire elephant
 30704 | D:11     | Reached XP level 15. HP: 132/132 MP: 25/25
 31083 | D:12     | Reached skill level 1 in Evocations
 31709 | D:12     | Found a frozen archway.
 31715 | D:12     | Reached skill level 5 in Shields
 31791 | IceCv    | Entered an ice cave
 34657 | Orc:1    | Entered Level 1 of the Orcish Mines
 34657 | Orc:1    | Noticed Gastronok
 34657 | Orc:1    | Noticed Fannar
 34670 | Orc:1    | Killed Fannar
 34677 | Orc:1    | Killed Gastronok
 34874 | Orc:1    | Found a bloodstained altar of Trog.
 35046 | Orc:2    | Entered Level 2 of the Orcish Mines
 35067 | Orc:2    | Noticed Rupert
 35290 | Orc:2    | Noticed an orc warlord
 35299 | Orc:2    | Killed an orc warlord
 35550 | Orc:2    | Killed Rupert
 35551 | Orc:2    | Reached skill level 10 in Shields
 35651 | Orc:2    | Found a staircase to the Elven Halls.
 35939 | Orc:2    | Found a radiant altar of Vehumet.
 36009 | Orc:2    | Found Ujattosal's Antique Armour Boutique.
 36010 | Orc:2    | Found Wyntywum's Antique Weapon Boutique.
 36012 | Orc:2    | Found Etsifel's General Store.
 36012 | Orc:2    | Found Sounatuc's Jewellery Shop.
 36028 | Orc:2    | Bought a scroll of enchant weapon for 120 gold pieces
 36121 | Orc:2    | Bought a +0 leather armour for 32 gold pieces
 36121 | Orc:2    | Bought a scroll of brand weapon for 320 gold pieces
 36122 | Orc:2    | Bought a scroll of identify for 32 gold pieces
 36146 | Orc:2    | Bought a pair of gloves for 135 gold pieces
 36151 | Orc:2    | Bought a shiny plate armour for 780 gold pieces
 36222 | Orc:2    | Bought a faintly glowing hand crossbow for 246 gold pieces
 36222 | Orc:2    | Identified the +4 hand crossbow of Chaos {vorpal, rF+ Str+3
                  | Dex+4} (You bought it in a shop on level 2 of the Orcish
                  | Mines)
 36811 | D:13     | Gained Koronagh as an ally
 37488 | D:13     | Noticed Frances
 37500 | D:13     | Killed Frances
 37780 | D:13     | Found a gate to the Vaults.
 37924 | D:13     | Identified a scroll of acquirement
 37932 | D:13     | Acquired the amulet "Folu" {Spirit Int+5 Slay+2}
 38682 | D:14     | Found a flagged portal.
 38694 | Bailey   | Entered a bailey
 40029 | D:15     | Entered Level 15 of the Dungeon
 40037 | D:15     | Reached XP level 16. HP: 141/141 MP: 26/26
 40050 | D:15     | Gained Orgrim as an ally
 40062 | D:15     | Noticed Azrael
 40066 | D:15     | Gained Bogrim as an ally
 40074 | D:15     | Killed Azrael
 40084 | D:15     | Your ally Koronagh died
 41258 | D:15     | Found a staircase to the Depths.
 41265 | D:15     | Gained Grimold as an ally
 41504 | Orc:2    | Bought a potion of curing for 48 gold pieces
 41504 | Orc:2    | Bought a potion of flight for 48 gold pieces
 41676 | Snake:1  | Entered Level 1 of the Snake Pit
 41717 | Snake:1  | Found a runed translucent gate.
 41717 | Snake:1  | Found a runed translucent gate.
 41717 | Snake:1  | Found a runed translucent gate.
 41719 | Snake:1  | Noticed HuGe's ghost (journeyman MiBe)
 42060 | Snake:1  | Identified the +11 triple sword of Destiny {freeze, rC-
                  | Int+8 Dex-5}
 42060 | Snake:1  | Identified the ring of Gidiwk {Fly rF+}
 42526 | Snake:1  | Found Coyl's Book Shoppe.
 42526 | Snake:1  | Found Tayrusy's Magic Scroll Emporium.
 42527 | Snake:1  | Found Neceija's Assorted Antiques.
 42529 | Snake:1  | Found Ricveon's Weapon Emporium.
 42547 | Snake:1  | Bought 26 sling bullets for 234 gold pieces
 42551 | Snake:1  | Bought a scroll of summoning for 133 gold pieces
 42551 | Snake:1  | Bought a scroll of magic mapping for 49 gold pieces
 42551 | Snake:1  | Bought a scroll of teleportation for 42 gold pieces
 42551 | Snake:1  | Bought a scroll of teleportation for 42 gold pieces
 42551 | Snake:1  | Bought a scroll of teleportation for 42 gold pieces
 42551 | Snake:1  | Bought 2 scrolls of fear for 98 gold pieces
 42551 | Snake:1  | Bought a scroll of enchant weapon for 105 gold pieces
 42561 | Snake:1  | Bought an encrusted bronze wand for 152 gold pieces
 42568 | Snake:1  | Bought a book of Cantrips for 176 gold pieces
 42574 | Snake:1  | Learned a level 1 spell: Animate Skeleton
 42576 | Snake:1  | Learned a level 1 spell: Apportation
 42892 | Snake:2  | Noticed a nagaraja
 43391 | Snake:2  | Killed a nagaraja
 45394 | Snake:3  | Found Enisic's Gadget Gallery.
 45395 | Snake:3  | Noticed Aizul
 45402 | Snake:3  | Killed Aizul
 45550 | Snake:3  | Gained Oreg as an ally
 45580 | Snake:3  | Your ally Oreg died
 45960 | Snake:3  | Found Uluq Afu's Assorted Antiques.
 45964 | Snake:3  | Reached skill level 5 in Evocations
 45964 | Snake:3  | Found Wyni's Weapon Shoppe.
 45970 | Snake:3  | Found Omulamal's Magic Scroll Shoppe.
 46024 | Snake:3  | Found Niapluda's Distillery.
 46135 | Snake:3  | Bought a scroll of blinking for 112 gold pieces
 46946 | Snake:4  | Entered Level 4 of the Snake Pit
 47227 | Snake:4  | Reached XP level 17. HP: 124/150 MP: 22/27
 48251 | Snake:4  | Reached ***** piety under Beogh
 48276 | Snake:4  | Your ally Grimold died
 48277 | Snake:4  | Your ally Orgrim died
 48292 | Snake:4  | Your ally Bogrim died
 48892 | Shoals:1 | Entered Level 1 of the Shoals
 48929 | Shoals:1 | Found a transporter.
 49459 | Shoals:1 | Reached skill level 10 in Evocations
 49590 | Shoals:1 | Found a transporter.
 49613 | Shoals:1 | Identified the ring of Koofoom {Wiz Stlth+}
 50507 | Snake:3  | Bought a bubbling puce potion for 26 gold pieces
 50615 | Snake:3  | Bought a scroll of magic mapping for 52 gold pieces
 50615 | Snake:3  | Bought a scroll of summoning for 142 gold pieces
 50615 | Snake:3  | Bought a scroll of teleportation for 45 gold pieces
 52384 | Snake:4  | Got a serpentine rune of Zot
 52751 | Vaults:1 | Entered Level 1 of the Vaults
 54875 | Vaults:1 | Reached skill level 15 in Fighting
 55045 | Vaults:1 | Reached XP level 18. HP: 128/163 MP: 16/28
 57099 | Vaults:1 | Got the Papyrus of Orientation
 59597 | Vaults:1 | Glimpsed the power of Zot.
 59995 | Vaults:2 | Gained Bogwald as an ally
 60182 | Vaults:2 | Your ally Bogwald died
 61383 | Vaults:2 | Gained Thorok as an ally
 61383 | Vaults:2 | Gained Syrus as an ally
 61383 | Vaults:2 | Gained Bogmar as an ally
 61392 | Vaults:2 | Your ally Bogmar died
 61395 | Vaults:2 | Your ally Syrus died
 61396 | Vaults:2 | Your ally Thorok died
 61486 | Vaults:2 | Reached skill level 15 in Shields
 62243 | Vaults:2 | Reached XP level 19. HP: 117/174 MP: 29/29
 62251 | Vaults:2 | Gained Morun as an ally
 63174 | Vaults:2 | Found a staircase to the Crypt.
 63182 | Vaults:2 | Your ally Morun died
 63363 | Vaults:3 | Gained Margrim as an ally
 63363 | Vaults:3 | Gained Ugrim as an ally
 63617 | Vaults:3 | Noticed Jory
 63625 | Vaults:3 | Killed Jory
 65190 | Vaults:3 | Reached skill level 15 in Invocations
 65885 | Vaults:3 | Found Ogerhiac's Antique Weapon Shop.
 66972 | Vaults:4 | Got the Papyrus of Anaesthesia
 67259 | Vaults:4 | Reached XP level 20. HP: 62/182 MP: 32/32
 67590 | Vaults:4 | Found Zufaisch's Distillery.
 67602 | Vaults:4 | Bought a potion of invisibility for 104 gold pieces
 67602 | Vaults:4 | Bought a potion of curing for 39 gold pieces
 67602 | Vaults:4 | Bought a potion of curing for 39 gold pieces
 67602 | Vaults:4 | Bought a potion of curing for 39 gold pieces
 67602 | Vaults:4 | Bought a potion of curing for 39 gold pieces
 67602 | Vaults:4 | Bought a potion of berserk rage for 65 gold pieces
 68003 | Vaults:4 | Your ally Ugrim died
 68951 | Elf:1    | Entered Level 1 of the Elven Halls
 69987 | Elf:1    | Found a runed translucent gate.
 70001 | Elf:1    | Paralysed by an air elemental for 1 turns
 70072 | Elf:1    | Found a runed translucent gate.
 70072 | Elf:1    | Found a runed translucent gate.
 70144 | Elf:1    | Noticed Xadus's ghost (adept MiBe)
 70144 | Elf:1    | Noticed Jyejeiptew's ghost (adept HOMo)
 70145 | Elf:1    | Noticed Kuwn's ghost (adept MiBe)
 70145 | Elf:1    | Noticed finalsalamander's ghost (adept NaWn)
 70263 | Elf:1    | Found a portal to a secret trove of treasure.
 70977 | Shoals:1 | Noticed HuGe's ghost (journeyman MiBe)
 71169 | Shoals:2 | Noticed Donald
 71173 | Shoals:2 | Killed Donald
 71194 | Shoals:2 | Acquired the ring of the Tempest {rElec rN++ MP+9 Int-5
                  | SInv}
 71203 | Shoals:2 | Acquired the amulet of Egru {Faith rC+}
 71208 | Shoals:2 | Acquired a manual of Evocations
 71928 | Shoals:3 | Noticed Polyphemus
 71954 | Shoals:3 | Noticed Ilsuiw
 71973 | Shoals:3 | Killed Ilsuiw
 72159 | Shoals:3 | Found Tuoteh's Firing Range.
 72181 | Shoals:3 | Bought 14 sling bullets for 91 gold pieces
 72181 | Shoals:3 | Bought 15 sling bullets for 97 gold pieces
 72499 | Shoals:3 | Noticed Mara
 72502 | Shoals:3 | Noticed dolemite99's illusion
 72517 | Shoals:3 | Killed Mara
 72812 | Shoals:3 | Killed Polyphemus
 76250 | Depths:1 | Entered Level 1 of the Depths
 76846 | Depths:1 | Reached skill level 15 in Evocations
 77263 | Depths:1 | Found a gateway to Hell.
 77345 | Depths:1 | Reached XP level 21. HP: 137/189 MP: 32/34
 77966 | Depths:1 | Found a one-way gate leading to the halls of Pandemonium.
 78483 | Depths:1 | Found Pogitapi's Jewellery Boutique.
 78484 | Depths:1 | Found Usetat's Book Shoppe.
 78485 | Depths:1 | Found Yritsom's Jewellery Boutique.
 79714 | Depths:1 | Found the ring of the Tortoise {AC+8}
 80424 | Depths:2 | Found a glowing silver altar of Zin.
 80644 | Depths:2 | Paralysed by a great orb of eyes for 6 turns
 81498 | Depths:2 | Found a one-way gate to the infinite horrors of the Abyss.
 81616 | Depths:2 | Found a radiant altar of Vehumet.
 83719 | Depths:2 | Reached skill level 15 in Armour
 86223 | Depths:3 | Reached XP level 22. HP: 59/206 MP: 28/35
 86226 | Depths:3 | Killed from afar by a spriggan air mage

Illustrated notes

Levels and vault maps discovered:
D:1:      lemuel_arrival_behind_the_door_large, layout_basic,
          dreamdust_ecumenical_altar_drowned_temple
D:2:      layout_rooms, serial_shops, nicolae_shop_waterfront, kennysheep_boxes
D:3:      layout_basic, okawaru_gym_becter
D:4:      layout_basic, lightli_temple_of_fire,
          mainiacjoe_overflow_cross_hatched, lemuel_coloured_pillars_altar,
          minmay_temple_entry_slanted, nicolae_ossuary_entry_monument
D:5:      layout_cave_pools, serial_undead, serial_undead_e, serial_undead_c,
          serial_undead_d, serial_undead_f
D:6:      layout_basic, kennysheep_little_box,
          mainiacjoe_overflow_catch_the_wave, uniq_menkaure
D:7:      layout_gridville, mainiacjoe_overflow_tiny_flanked,
          ashenzari_conservatory_becter, serial_bayou_lagoon_a, glass_columns_c,
          uniq_pikel
D:8:      kennysheep_steamy, layout_rooms, nicolae_uskayaw_en_pointe,
          kennysheep_mini, uniq_prince_ribbit1, uniq_erica
D:9:      layout_long_grid, mainiacjoe_overflow_six_doors_small, uniq_grum,
          uniq_erolcha
D:10:     layout_basic, mainiacjoe_overflow_paths, david_lair_shrubbed,
          david_orc_3, serial_shops, shop
D:11:     layout_cave_pools
D:12:     layout_rooms, portal_ice_cave_entry_animals_and_master,
          grunt_ministairs_7
D:13:     layout_loops_ring, david_vaults_1, hive_lemuel, uniq_frances
D:14:     layout_roguey, enter_bailey_3
D:15:     grunt_enter_depths_magical_seal, layout_cave_pods,
          minmay_misc_feat_cross, palyth_stone_intersect, uniq_azrael
Lair:1:   layout_layer_cave, serial_bayou_shore_a
Lair:2:   layout_regular_city, dummy_snake_entry, serial_bayou_shore_b
Lair:3:   layout_cave_pods, minmay_shoals_entry_hut, gauntlet_entry_generic,
          nzn_sisyphean_effort, grunt_megastairs_4
Lair:4:   layout_big_grid, grunt_megastairs_5
Lair:5:   layout_hall_layers, slime_altar_1, lemuel_fruit_tree
Lair:6:   grunt_lair_end_beastmaster, layout_gridlike, special_room
          [special_room_mythical_zoo]
Shoals:1: argonaut_golden_fleece, layout_shoals, gammafunk_ghost_abyssal_escape,
          uniq_nikola
Shoals:2: layout_shoals, uniq_donald
Shoals:3: layout_shoals, nicolae_shoals_cliffside_cave,
          nicolae_shop_firing_range, uniq_ilsuiw, uniq_mara, uniq_polyphemus
Snake:1:  layout_misc_corridors, gammafunk_ghost_split, grunt_megastairs_3,
          minmay_shoptagon
Snake:2:  layout_cave_shapes, nicolae_snake_serpentine_hallways
Snake:3:  layout_onion_interference, minmay_shop_grid_forest,
          nicolae_shop_gadgets, uniq_aizul
Snake:4:  minmay_snake_end_coiled, layout_onion
Orc:1:    layout_diamond_mine, basic_altar, mines5_lemuel, uniq_gastronok,
          uniq_fannar
Orc:2:    st_orc_congregation, layout_diamond_mine, basic_altar,
          mines_bat_river, uniq_rupert
Elf:1:    minmay_elf_arrival_plus, layout_loops_cross,
          nicolae_trove_entry_crossroad, gammafunk_ghost_cemetery,
          hangedman_elf_disciples, einodemon_armed_red_devil_minivault
Elf:2:    elven_hall_of_blades_hangedman_original [nicolae_blade_little_rooms],
          layout_onion_city, nicolae_wooded_promenade, minivault_28,
          lemuel_elevator, uniq_agnes
Vaults:1: hangedman_vaults_corner, vaults_room_grid, vaults_room_corners,
          vaults_room_fours, nicolae_vaults_network_star,
          nicolae_vaults_little_squares_6, v_misc_14, st_spiral_rooms,
          v_misc_19, grunt_vaults_hallway_short, vaults_room_ringed_pool,
          hangedman_vaults_trim, layout_vaults_ring, serial_hangedman_research,
          hangedman_research_thermodynamics, hangedman_research_quantum
Vaults:2: nicolae_vaults_little_squares_1, nicolae_vaults_big_angled_halls,
          nicolae_vaults_diagonal_hallway_6, blue_anna_dwarven_crypt,
          vaults_room_pools, vaults_mumra_chevron_long, v_misc_28, st_lines,
          vaults_mumra_minichess_inversion, ontoclasm_vaults_loading_screen,
          v_misc_15, layout_vaults_chaotic_city
Vaults:3: v_misc_3, vaults_room_corners, nicolae_vaults_little_squares_4,
          vaults_mumra_chevron, vaults_room_corners, layout_vaults_quadrants,
          serial_shops, shop, uniq_jory
Vaults:4: nicolae_vaults_shelves_hall, v_misc_2, hangedman_vaults_stream,
          nicolae_vaults_big_angled_halls, v_rooms_6, vaults_mumra_hexcomb,
          v_misc_17, vaults_mumra_lcd, v_alt_pattern_2, hangedman_vaults_impose,
          nicolae_vaults_bisected_slash, v_misc_18, layout_vaults_omnibox,
          serial_shops, shop
Depths:1: layout_honeycomb, ebering_dispersal_statue_hall, hell_entry,
          pan_entry, amcnicky_mini_corridor_feature, hex_large,
          kennysheep_path_1, minmay_guarded_unrand_tortoise, minmay_shop_grove,
          firewood_loft
Depths:2: kennysheep_room_grid, layout_gridlike, hellmouth_1,
          abyss_entry_crystal, vehumet_crystals, zin_academy
Depths:3: grunt_runaround [grunt_runaround_doors_1, grunt_runaround_doors_2,
          grunt_runaround_doors_3, grunt_runaround_doors_4,
          grunt_runaround_loot], hell_entry, pan_entry

Skill      XL: |  1  2  3  4  5  6  7  8  9 10 11 12 13 14 15 16 17 18 19 20 21 |
---------------+----------------------------------------------------------------+-----
Axes           | 3 4 5 6 8 9 11 13 15 16 18 | 18.0
Invocations    | 1 9 10 13 14 17 19 | 19.1
Fighting       | 5 7 10 11 12 13 15 16 19 | 19.2
Armour         | 9 10 12 13 14 15 | 15.9
Slings         | 4 6 8 10 11 | 11.4
Shields        | 4 10 12 15 17 | 17.6
Evocations     | 3 6 10 15 16 | 16.4
Unarmed Combat | |  0.5
Fire Magic     | |  0.4

Action                   |  1- 3 |  4- 6 |  7- 9 | 10-12 | 13-15 | 16-18 | 19-21 | 22-24 || total
-------------------------+-------+-------+-------+-------+-------+-------+-------+-------++-------
Melee: War axe           |   137 |   113 |   298 |   420 |   535 |   146 |    25 |       ||  1674
       Broad axe         |       |       |       |       |       |   289 |   920 |       ||  1209
 Fire: Fustibalus        |       |       |       |   223 |   621 |   683 |   778 |       ||  2305
Throw: Stone             |    17 |    10 |       |     6 |       |     6 |    13 |       ||    52
       Javelin           |       |       |    20 |    46 |    30 |       |       |       ||    96
Invok: Convert to Beogh  |     1 |       |       |       |       |       |       |       ||     1
       Smiting           |       |       |     2 |    17 |    32 |    41 |    80 |     3 ||   175
       Recall Orcish Fol |       |       |       |       |     5 |     9 |     1 |       ||    15
Evoke: Wand              |       |       |       |     3 |     9 |    24 |    12 |       ||    48
       Box of beasts     |       |       |       |       |     2 |     4 |     6 |       ||    12
       Phantom mirror    |       |       |       |       |       |       |     5 |       ||     5
  Use: Scroll            |       |     5 |       |    17 |    16 |    19 |    22 |       ||    79
       Potion            |       |       |     1 |       |     3 |    15 |     4 |       ||    23
 Stab: Distracted        |       |       |       |       |       |     3 |     6 |       ||     9
Armor: Scale mail        |    80 |    21 |       |       |       |       |       |       ||   101
       Plate armour      |       |    34 |   137 |   317 |   527 |   429 |   510 |       ||  1954
       Chain mail        |       |       |       |       |       |       |    17 |       ||    17
Dodge: Dodged            |    51 |    26 |    62 |   144 |   242 |   169 |   250 |       ||   944
Block: Kite shield       |    67 |    25 |       |       |   175 |   574 |   815 |       ||  1656
       Buckler           |       |     3 |    59 |   298 |   278 |       |       |       ||   638
       Reflection        |       |       |     1 |    10 |    19 |    35 |    31 |       ||    96

Table legend: (Time is in decaauts)
 A = Elapsed time spent in this place.
 B = Non-inter-level travel time spent in this place.
 C = Inter-level travel time spent in this place.
 D = Time resting spent in this place.
 E = Time spent auto-exploring this place.
 F = Levels seen in this place.
 G = Mean time per level.
                   A        B        C        D        E       F      G
               +--------+--------+--------+--------+--------+-----+--------+
         Total |  85815 |  81196 |   4619 |  38009 |  30843 |  41 | 2093.0 |
       Dungeon |  28005 |  25890 |   2115 |  12372 |   9956 |  15 | 1867.0 |
          Lair |  11956 |  11209 |    747 |   3111 |   6333 |   6 | 1992.7 |
        Shoals |   4654 |   4399 |    255 |   1326 |   2164 |   3 | 1551.3 |
     Snake Pit |   9297 |   8942 |    355 |   5037 |   2511 |   4 | 2324.2 |
  Orcish Mines |   2064 |   1578 |    486 |    336 |    733 |   2 | 1032.0 |
   Elven Halls |   3711 |   3598 |    113 |   2484 |    802 |   2 | 1855.5 |
        Vaults |  14037 |  13675 |    362 |   6286 |   5391 |   4 | 3509.2 |
        Depths |   9317 |   9135 |    182 |   5114 |   2728 |   3 | 3105.7 |
        Bailey |    302 |    302 |      0 |     35 |     48 |   1 |  302.0 |
      Ice Cave |   2468 |   2468 |      0 |   1906 |    175 |   1 | 2468.0 |
               +--------+--------+--------+--------+--------+-----+--------+

Top non-repeatable levels by time:
Vaults:1: 5065 daAuts
Depths:2: 4343 daAuts
    D:13: 3863 daAuts
   Elf:1: 3686 daAuts
Vaults:2: 3678 daAuts
Depths:1: 3664 daAuts
    D:10: 3577 daAuts
 Snake:4: 3357 daAuts
Vaults:3: 3174 daAuts
  Lair:3: 2828 daAuts
     D:9: 2786 daAuts
  Lair:6: 2710 daAuts
   IceCv: 2468 daAuts
 Snake:1: 2396 daAuts
     D:4: 2292 daAuts
